 Dungeon Crawl Stone Soup version 0.31-a0-844-gdc52ec4e09 (webtiles) character file.

Game seed: 17029584109982284166

121468 DocSulfur the Markself (level 16, -12/87 HPs)
             Began as a Deep Elf Hunter on Sept 27, 2023.
             Was the Champion of Hepliaklqana.
             Mangled by Donald
             ... wielding a +6 scimitar of holy wrath
              (17 damage)
             ... on level 1 of the Swamp on Sept 28, 2023.
             The game lasted 01:17:18 (24763 turns).

DocSulfur the Markself (Deep Elf Hunter)           Turns: 24763, Time: 01:17:19

Health: -12/87     AC: 10    Str:  8    XL:     16   Next: 32%
Magic:  28/28      EV: 24    Int: 23    God:    Hepliaklqana [******]
Gold:   111        SH:  0    Dex: 27    Spells: 2/23 levels left

rFire   + . .        V - +3 arbalest (freeze)
rCold   + . .        (shield currently unavailable)
rNeg    . . .        R - +3 leather armour {rPois}
rPois   +            Q - +0 helmet
rElec   +            i - scarf {rC+ rF+}
rCorr   .            Y - +2 pair of gloves {Dex+3}
SInv    .            (no boots)
Will    ++...        c - amulet of the Air {Inacc Air Fly rElec RMsl}
Stlth   ++           f - ring of Leosogic {Wiz Will+}
HPRegen 0.34/turn    e - +6 ring of intelligence
MPRegen 0.21/turn

%: inaccuracy (-5), repel missiles, wizardry (x1)
@: flying
A: reduced essence
a: Renounce Religion, Recall Ancestor, Ancestor Identity, Transference, Idealise


You were on level 1 of the Swamp.
You worshipped Hepliaklqana.
Hepliaklqana was exalted by your worship.
You visited 5 branches of the dungeon, and saw 24 of its levels.
You also visited: Ossuary, Gauntlet and Volcano.

You collected 2772 gold pieces.
You spent 2661 gold pieces at shops.

Inventory:

Hand Weapons
 N - a +4 longbow of draining
 V - a +3 arbalest of freezing (weapon)
Missiles
 E - a throwing net
 J - 11 curare-tipped darts
Armour
 i - a scarf of resistance (worn)
 j - a +1 cloak of willpower
 I - a +1 robe of willpower
 Q - a +0 helmet (worn)
 R - a +3 leather armour of poison resistance (worn)
 Y - a +2 pair of gloves of dexterity (worn)
Jewellery
 c - the amulet of the Air (around neck) {Inacc Air Fly rElec RMsl}
   (You found it in a Gauntlet)

   [amulet of nothing]

   Inacc:     It reduces the accuracy of your attacks and spells.
   Air:       It enhances your air magic.
   rElec:     It insulates you from electricity.
   Fly:       It grants you flight.
   RMsl:      It protects you from missiles.
 e - a +6 ring of intelligence (right hand)
 f - the ring of Leosogic (left hand) {Wiz Will+}
   (You bought it in a shop on level 9 of the Dungeon)

   [ring of wizardry]

   Wiz:       It improves your spell success rate.
   Will+:     It increases your willpower.
 s - a +5 ring of evasion
 t - a ring of ice
 v - a ring of fire
 K - a ring of fire
 Z - a ring of positive energy
Wands
 a - a wand of polymorph (11)
 u - a wand of flame (43)
 G - a wand of paralysis (13)
 H - a wand of mindburst (8)
 P - a wand of roots (12)
 S - a wand of light (6)
 T - a wand of digging (4)
Scrolls
 b - 4 scrolls of butterflies
 h - 7 scrolls of enchant weapon
 m - 5 scrolls of enchant armour
 n - a scroll of poison
 o - 10 scrolls of teleportation
 q - 2 scrolls of immolation
 w - 4 scrolls of amnesia
 y - 10 scrolls of revelation
 B - 2 scrolls of blinking
 C - 4 scrolls of vulnerability
 D - 3 scrolls of fog
 L - a scroll of brand weapon
 M - 7 scrolls of identify
 W - 3 scrolls of torment
Potions
 d - 9 potions of curing
 g - a potion of brilliance
 k - a potion of invisibility
 l - 3 potions of attraction
 p - a potion of ambrosia
 r - 2 potions of might
 x - 4 potions of lignification
 z - 2 potions of haste
 A - 2 potions of magic
 F - a potion of heal wounds
 O - 2 potions of enlightenment
 U - 2 potions of cancellation
Miscellaneous
 X - a condenser vane


   Skills:
 - Level 10.2 Fighting
 - Level 18.5 Ranged Weapons
 - Level 13.6 Dodging
 - Level 1.3 Stealth
 - Level 4.0 Spellcasting
 - Level 8.0 Conjurations
 * Level 9.7 Hexes
 * Level 10.9 Translocations
 * Level 5.0 Air Magic
 + Level 14.2 Invocations
 - Level 7.0 Shapeshifting


You had 2 spell levels left.
You knew the following spells:

 Your Spells              Type           Power      Damage    Failure   Level
a - Blink                 Tloc           100%       N/A       1%          2
b - Gell's Gravitas       Tloc           53%        N/A       1%          3
c - Dazzling Flash        Conj/Hex       90%        N/A       1%          3
d - Silence               Hex/Air        27%        N/A       9%          5
e - Teleport Other        Tloc           53%        N/A       1%          3
f - Apportation           Tloc           100%       N/A       1%          1
g - Dimensional Bullseye  Hex/Tloc       25%        N/A       1%          4

Your spell library contained the following spells:

 Spells                   Type           Power      Damage    Failure   Level
 Lesser Beckoning         Tloc           100%       N/A       1%          2
 Necrotise                Necr           16%        1d4       6%          1
 Summon Small Mammal      Summ           16%        N/A       6%          1
 Sublimation of Blood     Necr           4%         N/A       9%          2
 Manifold Assault         Tloc           53%        N/A       1%          4
 Summon Guardian Golem    Hex/Summ       27%        N/A       2%          3
 Dispersal                Tloc           26%        N/A       11%         6
 Summon Forest            Summ/Tloc      14%        N/A       17%         5
 Irradiate                Conj/Tmut      11%        3d15      32%         5
 Olgreb's Toxic Radiance  Pois           4%         N/A       50%         4
 Petrify                  Tmut/Erth      4%         N/A       50%         4
 Agony                    Necr           4%         N/A       82%         5
 Alistair's Intoxication  Tmut/Pois      2%         N/A       82%         5
 Orb of Destruction       Conj           20%        9d8       86%         7
 Spellforged Servitor     Conj/Summ      11%        N/A       100%        7


Dungeon Overview and Level Annotations

Branches:
Dungeon (15/15)            Temple (1/1) D:7            Lair (5/5) D:9
  Swamp (1/4) Lair:3       Spider (0/4) Lair:3        Slime (0/5) Lair:5
    Orc (2/2) D:12            Elf (0/3) Orc:2        Vaults (0/5) D:14
 Depths (0/4) D:15        Ossuary (visited)         Volcano (visited)
Gauntlet (visited)

Altars:
Ashenzari
Cheibriados
Dithmenos
Elyvilon
Fedhas
Gozag
Hepliaklqana
Kikubaaqudgha
Makhleb
Nemelex Xobeh
Okawaru
Qazlal
Ru
Sif Muna
Trog
Uskayaw
Vehumet
Wu Jian
Xom
Yredelemnul
Zin
The Shining One

Shops:
D:6 ?   D:8 ?   D:9 =(([   D:15 [   Orc:2 [*[[

Annotations:
D:6 1 runed translucent door, Opifex's ghost, novice TrSh
D:9 3 runed translucent doors, Pixllover's ghost, novice GrGl
Temple 2 transporters
Lair:4 1 runed translucent door, Majang's ghost, journeyman FoFi
Swamp:1 Donald


Message History

The bolt of light hits Donald.
Donald is moderately wounded.
Donald is blinded.
Casting: Gell's Gravitas (safe; 1% risk of failure)
Confirm with . or Enter, or press ? or * to list all spells.
Casting: Dazzling Flash (safe; 1% risk of failure)
Press: ? - help, Dir - look around, f - activate Look: Donald, wielding a +6 scimitar of holy wrath, wearing a +2 chain mail of fire resistance and wearing a +0 kite shield (moderately wounded, fast, strong, blind, chance to dazzle: 37%)
Okay, then.
Unknown command.
Unknown command.
You shoot a bolt. The bolt hits Donald!!
The bolt freezes Donald.
Donald is severely wounded.
Donald hits you with a +6 scimitar of holy wrath!!!
You take 43 damage, and have 44/87 hp.
MASSIVE DAMAGE!!
Okay, then.
Okay, then.
Casting: Dazzling Flash (safe; 1% risk of failure)
Confirm with . or Enter, or press ? or * to list all spells.
Aiming: Teleport Other (safe; 1% risk of failure)
Press: ? - help, Shift-Dir - straight line, f/p - Donald
Aim: Donald, wielding a +6 scimitar of holy wrath, wearing a +2 chain mail of fire resistance and wearing a +0 kite shield (severely wounded, fast, strong, blind, chance to affect: 18%)
Okay, then.
Unknown command.
Aiming: Fastroot
Press: ? - help, Shift-Dir - straight line, f/p - Donald
Aim: Donald, wielding a +6 scimitar of holy wrath, wearing a +2 chain mail of fire resistance and wearing a +0 kite shield (severely wounded, fast, strong, blind)
The roots erupt in riotous growth!
Roots grab Donald.
The grasping roots constrict Donald, but do no damage.
Donald hits you with a +6 scimitar of holy wrath!
You take 14 damage, and have 30/87 hp.
You shoot a bolt. The bolt hits Donald!
The bolt freezes Donald.
Donald is severely wounded.
The grasping roots constrict Donald.
The roots release their grip on Donald.
Donald hits you with a +6 scimitar of holy wrath!!
* * * LOW HITPOINT WARNING * * *
Donald hits you with a +6 scimitar of holy wrath!
You die...
Donald says, "I won.
I... don't hate that."

♣♣~~~~~.♣....~†~
♣♣.~~§~.♣....~~.
♣♣..~§§~~♣♣♣♣~~~.
♣§.~~§~~~~~ ♣...♣
♣♣♣♣.~~~~~..~ ♣♣♣♣♣
♣♣...§~.~§~..~ ♣♣.
♣~......~~~..♣♣♣♣♣.~
♣♣♣..>~.....♣♣..♣~~~
♣@§§~..~..~.~~~.~~
.~....@..~..~~~♣♣.~~~~§.
~..♣§...>!..~~~.....~§~.
♣.~~.....~~~~~....~~.
♣.~~~~....~~~~~......
♣...~..♣♣...~~~.♣~...
♣♣...~♣♣♣~...~~.♣♣♣♣.
.♣~.~♣ ♣♣...~~.§♣♣♣♣
♣..~§~~....~


You could see Donald (fast, strong, blind).

Vanquished Creatures
  Rupert (D:12)
  Louise (D:14)
  A minotaur (Gauntlet)
  A red draconian (Volcano)
  Fannar (D:10)
  A fire dragon (D:15)
  A hydra (Lair:4)
  2 rakshasas (D:14)
  3 vault guards (D:14)
  5 centaur warriors
  4 ogre magi
  An alligator (Swamp:1)
  3 boulder beetles
  2 death yaks (Lair:5)
  13 two-headed ogres
  2 tengu warriors
  Urug (Lair:5)
  6 skeletal warriors
  2 glowing orange brains
  2 deep trolls
  4 wizards
  An orc knight (Orc:2)
  Pikel (D:7)
  A necromancer (D:15)
  An orc sorcerer (Orc:2)
  6 deep elf pyromancers
  2 manticores (D:13)
  19 ugly things
  11 elephants
  9 cyclopes
  A guardian serpent (D:14)
  2 centaur zombies (D:15)
  6 black mambas
  A molten gargoyle (Volcano)
  3 gargoyles
  3 rime drakes (Lair:5)
  12 cane toads
  A centaur skeleton (D:15)
  Psyche (D:12)
  An efreet (D:14)
  A kobold demonologist (D:14)
  5 komodo dragons
  2 meliai
  A tengu conjurer (D:15)
  2 bloated husks (Swamp:1)
  A tyrant leech (Swamp:1)
  9 trolls
  4 polar bears
  5 hornets (Lair:5)
  18 blink frogs
  A meliai zombie (D:15)
  4 dream sheep (Lair:5)
  8 slime creatures
  A centaur simulacrum (D:15)
  13 spriggans (Lair:5)
  A vampire (D:13)
  2 shadows (D:12)
  3 water elementals (D:14)
  3 wraiths
  A wyvern (Lair:5)
  4 humans (D:14)
  A fire bat (Volcano)
  A fire elemental (D:13)
  Grum (D:10)
  8 basilisks
  35 yaks
  2 steam dragons (D:8)
  6 vampire mosquitoes
  2 swamp worms (Swamp:1)
  2 acid dragons
  Duvessa (D:6)
  16 water moccasins
  17 orc warriors
  2 ice beasts
  A sky beast (D:7)
  5 black bears
  A swamp drake (Swamp:1)
  24 ogres
  6 boggarts
  15 wolves
  6 centaurs
  5 phantoms
  4 kobold brigands
  10 bullfrogs
  2 scorpions
  7 wights
  Dowan (D:6)
  3 troll zombies (D:12)
  A troll skeleton (D:13)
  7 killer bees
  10 howler monkeys
  6 spriggan skeletons (D:13)
  5 jellies
  3 electric eels (D:14)
  6 lava snakes (Volcano)
  19 orc priests
  Crazy Yiuf (D:2)
  6 hounds
  2 gnoll boudas
  18 orc wizards
  2 iguanas (D:6)
  5 hell rats (Lair:2)
  2 ogre zombies (D:12)
  9 mummies
  14 gnolls
  18 adders
  3 shadow imps
  2 white imps (Gauntlet)
  An ufetubus (D:4)
  2 worms
  2 dart slugs
  55 orcs
  5 endoplasms
  3 giant cockroaches
  3 gnoll zombies (Ossuary)
  4 goblins
  5 hobgoblins
  7 quokkas
  6 ball pythons
  4 bats
  A frilled lizard (D:2)
  2 goblin zombies (D:12)
  4 hobgoblin zombies
  22 kobolds
  2 orc skeletons (D:12)
  13 orc zombies
  5 rats
697 creatures vanquished.

Vanquished Creatures (collateral kills)
  Gastronok (D:12)
  2 vault guards (D:14)
  2 hydras
  An ogre mage (Orc:1)
  4 two-headed ogres
  2 death yaks (Lair:5)
  3 skeletal warriors
  A glowing orange brain (shapeshifter) (D:15)
  7 ugly things
  A deep elf pyromancer (D:13)
  A manticore (D:11)
  3 elephants
  A cane toad (Lair:4)
  A rime drake (Lair:4)
  A komodo dragon (Lair:3)
  An unseen horror (D:11)
  A freezing wraith (D:15)
  4 trolls
  2 meliai (D:15)
  A polar bear (Lair:5)
  A blink frog (Lair:4)
  2 slime creatures
  A dream sheep (Lair:5)
  2 water elementals (D:14)
  2 humans (D:14)
  8 yaks
  3 vampire mosquitoes
  A harpy simulacrum (D:15)
  A water moccasin (Lair:4)
  2 wargs
  A swamp worm (Swamp:1)
  5 orc warriors
  5 wolves
  An ogre (Orc:1)
  3 boggarts
  A bullfrog (Lair:4)
  A killer bee (Lair:3)
  4 orc priests
  An orc wizard (Orc:1)
  An ogre zombie (D:12)
  2 gnolls (Orc:1)
  A shadow imp (Gauntlet)
  A white imp (Gauntlet)
  17 orcs
  2 kobolds (D:9)
  A goblin zombie (D:12)
  A hobgoblin skeleton (D:12)
  An orc skeleton (D:12)
112 creatures vanquished.

Vanquished Creatures (others)
  A bloated husk (Swamp:1)
  A human (D:14)
  An ogre (Orc:1)
  17 knights
  A dart slug (D:5)
  2 orcs
23 creatures vanquished.

Grand Total: 832 creatures vanquished

Notes
Turn   | Place    | Note
-------+----------+-------------------------------------------
     0 | D:1      | DocSulfur the Deep Elf Hunter began the quest for the Orb.
     0 | D:1      | Reached XP level 1. HP: 12/12 MP: 3/3
   473 | D:1      | Reached XP level 2. HP: 16/16 MP: 4/4
   705 | D:2      | Found a shadowy altar of Dithmenos.
   769 | D:2      | Reached skill level 6 in Ranged Weapons
   769 | D:2      | Reached skill level 1 in Shapeshifting
   847 | D:2      | Reached XP level 3. HP: 20/20 MP: 5/5
   867 | D:2      | Found a runed translucent door.
   868 | D:2      | Noticed Crazy Yiuf
   878 | D:2      | Killed Crazy Yiuf
   977 | D:2      | Reached XP level 4. HP: 25/25 MP: 6/6
  1348 | D:3      | Found a shadowy altar of Dithmenos.
  1360 | D:3      | Reached skill level 7 in Ranged Weapons
  2060 | D:4      | Noticed a black bear
  2184 | D:4      | Killed a black bear
  2185 | D:4      | Reached skill level 8 in Ranged Weapons
  2185 | D:4      | Reached XP level 5. HP: 14/29 MP: 7/7
  2299 | D:4      | Noticed a black bear
  2305 | D:4      | Killed a black bear
  2306 | D:4      | Reached XP level 6. HP: 34/34 MP: 8/8
  2367 | D:4      | Reached skill level 9 in Ranged Weapons
  2403 | D:4      | Reached XP level 7. HP: 35/38 MP: 9/9
  2923 | D:5      | Entered Level 5 of the Dungeon
  3068 | D:6      | Reached skill level 10 in Ranged Weapons
  3246 | D:6      | Found a sand-covered staircase.
  3256 | Ossuary  | Entered an ossuary
  3300 | Ossuary  | Reached skill level 5 in Shapeshifting
  3311 | Ossuary  | Reached skill level 11 in Ranged Weapons
  3400 | Ossuary  | Reached XP level 8. HP: 43/43 MP: 10/10
  3462 | Ossuary  | Learned a level 2 spell: Blink
  3509 | D:6      | Noticed Dowan
  3567 | D:5      | Reached skill level 1 in Spellcasting
  3624 | D:5      | Reached skill level 1 in Translocations
  4037 | D:5      | Reached skill level 12 in Ranged Weapons
  4642 | D:6      | Noticed Duvessa
  4649 | D:6      | Killed Duvessa
  4650 | D:6      | Reached XP level 9. HP: 41/48 MP: 14/16
  4654 | D:6      | Killed Dowan
  4733 | D:6      | Found Aroalob's Magic Scroll Boutique.
  4751 | D:6      | Bought a scroll of fog for 60 gold pieces
  4751 | D:6      | Bought 3 scrolls of poison for 180 gold pieces
  4751 | D:6      | Bought 2 scrolls of revelation for 225 gold pieces
  4752 | D:6      | Bought a scroll of identify for 30 gold pieces
  4752 | D:6      | Bought a scroll of identify for 30 gold pieces
  5233 | D:6      | Reached skill level 13 in Ranged Weapons
  5287 | D:6      | Found a runed translucent door.
  5289 | D:6      | Noticed Opifex's ghost (novice TrSh)
  5559 | D:7      | Reached skill level 14 in Ranged Weapons
  5925 | D:7      | Found a staircase to the Ecumenical Temple.
  5947 | D:7      | Noticed Pikel
  5969 | D:7      | Killed Pikel
  5970 | D:7      | Reached skill level 5 in Dodging
  5970 | D:7      | Reached XP level 10. HP: 56/56 MP: 18/18
  5992 | Temple   | Found a transporter.
  5992 | Temple   | Found a transporter.
  5992 | Temple   | Found a transporter.
  5992 | Temple   | Found a transporter.
  5992 | Temple   | Entered the Ecumenical Temple
  6025 | Temple   | Became a worshipper of Hepliaklqana the Forgotten
  7165 | D:8      | Found Henwedar's Magic Scroll Emporium.
  7174 | D:8      | Reached * piety under Hepliaklqana
  7180 | D:8      | Bought a scroll of identify for 24 gold pieces
  7180 | D:8      | Bought a scroll of identify for 24 gold pieces
  7180 | D:8      | Bought a scroll of identify for 24 gold pieces
  7180 | D:8      | Identified a scroll of acquirement
  7184 | D:8      | Acquired a +4 longbow of draining
  7372 | D:8      | Reached skill level 5 in Fighting
  7700 | D:9      | Found a glowing golden altar of the Shining One.
  7747 | D:9      | Found a staircase to the Lair.
  7758 | D:9      | Noticed a cyclops
  7762 | D:9      | Killed a cyclops
  7763 | D:9      | Found Talapt's Antique Weapon Shop.
  7764 | D:9      | Found Bouquad's Armour Shop.
  7766 | D:9      | Found Efoug's Jewellery Shop.
  7770 | D:9      | Found Oskuif's Weapon Shop.
  7876 | D:9      | Found a runed translucent gate.
  7877 | D:9      | Found a runed translucent gate.
  7878 | D:9      | Found a runed translucent gate.
  7879 | D:9      | Noticed Pixllover's ghost (novice GrGl)
  7974 | D:9      | Reached ** piety under Hepliaklqana
  7975 | D:9      | Remembered your ancestor Irenicus as a knight
  8110 | D:10     | Entered Level 10 of the Dungeon
  8131 | D:10     | Reached skill level 1 in Invocations
  8364 | D:10     | Reached XP level 11. HP: 57/57 MP: 19/19
  8638 | D:10     | Noticed Grum
  8640 | D:10     | Killed Grum
  8643 | D:10     | Reached skill level 15 in Ranged Weapons
  8740 | D:10     | Noticed a two-headed ogre
  8744 | D:10     | Killed a two-headed ogre
  8775 | D:10     | Noticed Fannar
  8786 | D:10     | Killed Fannar
  9176 | D:10     | Found an ornate altar of the Wu Jian Council.
  9625 | D:11     | Reached *** piety under Hepliaklqana
  9745 | D:11     | Found a shimmering blue altar of Sif Muna.
  9751 | D:11     | Reached skill level 5 in Invocations
 10016 | D:12     | Noticed Rupert
 10024 | D:12     | Killed Rupert
 10025 | D:12     | Reached skill level 10 in Dodging
 10145 | D:12     | Noticed a skeletal warrior
 10145 | D:12     | Noticed a skeletal warrior
 10147 | D:12     | Reached skill level 16 in Ranged Weapons
 10148 | D:12     | Noticed a skeletal warrior
 10157 | D:12     | Reached XP level 12. HP: 46/64 MP: 17/20
 10170 | D:12     | Noticed Psyche
 10173 | D:12     | Killed Psyche
 10174 | D:12     | Noticed Gastronok
 10182 | D:12     | Killed Gastronok
 10642 | D:12     | Found a staircase to the Orcish Mines.
 11264 | Lair:1   | Entered Level 1 of the Lair of Beasts
 11387 | Lair:1   | Found a dark tunnel.
 11399 | Volcano  | Entered a volcano
 11399 | Volcano  | Reached **** piety under Hepliaklqana
 11645 | Volcano  | Found a bloodstained altar of Trog.
 11645 | Volcano  | Noticed a two-headed ogre
 11645 | Volcano  | Noticed an ogre mage
 11645 | Volcano  | Noticed a two-headed ogre
 11645 | Volcano  | Noticed a two-headed ogre
 11663 | Volcano  | Killed a two-headed ogre
 11664 | Volcano  | Reached skill level 17 in Ranged Weapons
 11672 | Volcano  | Killed an ogre mage
 11680 | Volcano  | Killed a two-headed ogre
 11683 | Volcano  | Killed a two-headed ogre
 11689 | Volcano  | Noticed a two-headed ogre
 11693 | Volcano  | Killed a two-headed ogre
 11851 | Volcano  | Noticed a red draconian
 11871 | Volcano  | Killed a red draconian
 11872 | Volcano  | Reached XP level 13. HP: 12/71 MP: 18/21
 12394 | Lair:1   | Found the +8 whip "Snakebite" {venom, curare, rPois}
 13597 | Lair:3   | Reached ***** piety under Hepliaklqana
 13679 | Lair:3   | Found a hole to the Spider Nest.
 13824 | Lair:3   | Found a staircase to the Swamp.
 14192 | Lair:3   | Reached skill level 18 in Ranged Weapons
 14713 | Lair:4   | Found a runed translucent door.
 14718 | Lair:4   | Noticed Majang's ghost (journeyman FoFi)
 14742 | Lair:4   | Reached skill level 10 in Invocations
 15174 | Lair:5   | Entered Level 5 of the Lair of Beasts
 15524 | Lair:5   | Upgraded the game from 0.31-a0-840-g6d2ecbb638 to
                  | 0.31-a0-844-gdc52ec4e09
 15528 | Lair:5   | Learned a level 3 spell: Gell's Gravitas
 15532 | Lair:5   | Learned a level 3 spell: Dazzling Flash
 15550 | Lair:5   | Reached XP level 14. HP: 78/78 MP: 23/23
 15622 | Lair:5   | Reached skill level 1 in Hexes
 15635 | Lair:4   | Reached skill level 1 in Conjurations
 15708 | Lair:5   | Found a staircase to the Slime Pits.
 15966 | Lair:5   | Noticed Urug
 15968 | Lair:5   | Reached skill level 10 in Fighting
 15981 | Lair:5   | Killed Urug
 16018 | Lair:5   | Reached skill level 5 in Translocations
 17083 | D:13     | Learned a level 5 spell: Silence
 17087 | D:13     | Learned a level 3 spell: Teleport Other
 17089 | D:13     | Learned a level 1 spell: Apportation
 17157 | D:13     | Reached ****** piety under Hepliaklqana
 17196 | D:13     | Reached skill level 5 in Hexes
 17721 | D:13     | Reached skill level 5 in Conjurations
 17725 | D:13     | Got a glistering book
 18536 | D:14     | Reached XP level 15. HP: 82/82 MP: 25/25
 18849 | D:14     | Found a gate to the Vaults.
 19097 | D:14     | Identified the +8 tower shield of Jaotuwy {rCorr Int+6}
 19097 | D:14     | Noticed Louise
 19138 | D:14     | Killed Louise
 19739 | D:15     | Entered Level 15 of the Dungeon
 19888 | D:15     | Found Houllupu's Antique Armour Shoppe.
 19895 | D:15     | Bought an embroidered scarf for 304 gold pieces
 19975 | D:15     | Found a gate leading to a gauntlet.
 19993 | Gauntlet | Entered a Gauntlet
 19993 | Gauntlet | Found a transporter.
 19996 | Gauntlet | Found a transporter.
 20045 | Gauntlet | Found a transporter.
 20049 | Gauntlet | Found a transporter.
 20060 | Gauntlet | Found the amulet of the Air {Inacc Air Fly rElec RMsl}
 20070 | Gauntlet | Found a transporter.
 20083 | Gauntlet | Found a transporter.
 20095 | Gauntlet | Found a transporter.
 20096 | Gauntlet | Found a transporter.
 20113 | Gauntlet | Found a transporter.
 20142 | Gauntlet | Found a transporter.
 20142 | Gauntlet | Found a transporter.
 20147 | Gauntlet | Found a transporter.
 20275 | Gauntlet | Identified the +2 war axe "Eteck" {heavy, Dex+2 SInv}
 20311 | Gauntlet | Identified the +8 short sword of the Lurker {freeze, Drain
                  | Will+++ Stlth+}
 20718 | D:15     | Reached skill level 10 in Translocations
 20723 | D:15     | Reached skill level 1 in Air Magic
 20833 | D:15     | Found a staircase to the Depths.
 21440 | D:15     | Learned a level 4 spell: Dimensional Bullseye
 21596 | D:9      | Bought a +3 arbalest of freezing for 251 gold pieces
 21625 | D:9      | Bought the ring of Leosogic {Wiz Will+} for 511 gold pieces
 21773 | Orc:1    | Entered Level 1 of the Orcish Mines
 22146 | Orc:2    | Entered Level 2 of the Orcish Mines
 22387 | Orc:2    | Reached XP level 16. HP: 64/87 MP: 28/28
 23170 | Orc:2    | Found Men Hele's Antique Armour Shop.
 23173 | Orc:2    | Found a staircase to the Elven Halls.
 23201 | Orc:2    | Found Dereasot's Antique Armour Emporium.
 23202 | Orc:2    | Found Vadef's Antique Armour Boutique.
 23212 | Orc:2    | Found Oskysa's Assorted Antiques.
 23221 | Orc:2    | Bought a glowing blue potion for 28 gold pieces
 23221 | Orc:2    | Bought a scroll labelled JILU REQAU for 32 gold pieces
 23995 | Orc:2    | Bought a fabulously ornate robe for 205 gold pieces
 23995 | Orc:2    | Identified the +2 robe "Emocoddo" {Str+3} (You bought it in
                  | a shop on level 2 of the Orcish Mines)
 23995 | Orc:2    | Bought an embroidered hat for 252 gold pieces
 24005 | Orc:2    | Bought a pair of runed gloves for 195 gold pieces
 24005 | Orc:2    | Bought a sheer robe for 148 gold pieces
 24005 | Orc:2    | Identified the +0 robe of Patience {Archmagi} (You bought
                  | it in a shop on level 2 of the Orcish Mines)
 24192 | D:8      | Bought a scroll of amnesia for 48 gold pieces
 24192 | D:8      | Bought a scroll of blinking for 90 gold pieces
 24294 | Swamp:1  | Entered Level 1 of the Swamp
 24623 | Swamp:1  | Reached skill level 5 in Air Magic
 24754 | Swamp:1  | Noticed Donald
 24763 | Swamp:1  | Mangled by Donald

Illustrated notes

Levels and vault maps discovered:
D:1:      lightli_iron_boxes, layout_loops_ring, chequers_arboretum,
          grunt_decor_resistance
D:2:      layout_basic, basic_altar, uniq_crazy_yiuf_cottage
D:3:      wad_crossroads, layout_basic, mainiacjoe_overflow_small_starburst,
          grunt_ministairs_12, minmay_misc_feat_five
D:4:      layout_rooms, serial_bayou, serial_bayou_shore_b, serial_bayou_pond_d,
          serial_bayou_pond_d, serial_bayou_lake_a, serial_bayou_pond_e,
          nicolae_letterblocks [nicolae_letter_subblock,
          nicolae_letter_subblock, nicolae_letter_subblock,
          nicolae_letter_subblock, nicolae_letter_subblock,
          nicolae_letter_subblock, nicolae_letter_subblock,
          nicolae_letter_subblock, nicolae_letter_subblock,
          nicolae_letter_subblock, nicolae_letter_subblock,
          nicolae_letter_subblock, nicolae_letter_subblock,
          nicolae_letter_subblock, nicolae_letter_subblock,
          nicolae_letter_subblock, nicolae_letter_subblock,
          nicolae_letter_subblock, nicolae_letter_subblock,
          nicolae_letter_subblock, nicolae_letter_subblock,
          nicolae_letter_subblock, nicolae_letter_subblock,
          nicolae_letter_subblock, nicolae_letter_subblock]
D:5:      layout_gridville, lemuel_flamethrower_2
D:6:      layout_loops_cross, gup_ossuary_entry_pyramid,
          ebering_ghost_inner_flame, serial_shops, nicolae_shop_gibbet_a_chance,
          uniq_duvessa
D:7:      layout_gridville, minmay_temple_entry_slanted, uniq_pikel
D:8:      layout_loops_ring, serial_shops, nicolae_shop_advertising_works
          [nicolae_subvault_shop_adworks], chequers_serial_rivers_micro_a
D:9:      layout_big_octagon, nicolae_overflow_crystal_walls, lair_entry_dummy,
          ebering_ghost_rock_garden, minmay_shop_grid_forest
D:10:     layout_gridville, pdpol_wu_jian_five_deadly_venoms, uniq_grum,
          uniq_fannar
D:11:     lemuel_flame_loot_2, layout_loops_cross, nicolae_sif_muna_condensation
D:12:     layout_small_grid, zombieorc1_lemuel, moated_statue, uniq_psyche,
          uniq_rupert, uniq_gastronok
D:13:     cheibrodos_lost_city_excavation, layout_basic, hangedman_tell_no_tales
D:14:     layout_basic, ximxim_vaults_locker_room, minmay_misc_feat_square,
          nrook_guardian_serpent_double, uniq_louise
D:15:     gammafunk_enter_depths_forms, layout_loops_corners, serial_shops,
          shop, gauntlet_entry_generic, grunt_decor_mini_mirrors, drop_trap,
          grunt_potential
Temple:   hellmonk_temple_divided_pantheon
Lair:1:   minmay_guarded_unrand_snakebite, layout_chaotic_city,
          nicolae_volcano_entry_two_sided, infiniplex_staircase_pool_2
Lair:2:   layout_chaotic_city
Lair:3:   layout_chaotic_city, swamp_mist, hellmonk_spider_entry_not_the_bees,
          nzn_sisyphean_effort
Lair:4:   layout_roguey, ebering_ghost_reflecting_pool, beast_lair_carwin_9,
          infiniplex_staircase_pool, lemuel_fruit_tree
Lair:5:   minmay_lair_end_enchanted_forest, layout_cave_pods,
          nicolae_slime_entry_slimehenge, minivault_23,
          chequers_serial_rivers_micro_d, grunt_megastairs_2, uniq_urug
Swamp:1:  layout_basic_swamp, evilmike_swamp_ruin_house_5, uniq_frances,
          uniq_donald
Orc:1:    layout_caves, mines4_lemuel
Orc:2:    st_orc_open, layout_caves

Skill      XL: |  1  2  3  4  5  6  7  8  9 10 11 12 13 14 15 16 |
---------------+-------------------------------------------------+-----
Ranged Weapons | 6 8 9 11 12 14 16 17 18 | 18.5
Shapeshifting  | 1 2 3 4 5 6 7 |  7.0
Spellcasting   | 3 4 |  4.0
Translocations | 2 4 7 10 | 10.9
Fighting       | 3 5 7 8 9 10 | 10.2
Dodging        | 5 8 10 12 13 | 13.6
Invocations    | 2 5 8 10 11 14 | 14.2
Hexes          | 7 8 9 |  9.7
Conjurations   | 5 8 |  8.0
Air Magic      | 3 5 |  5.0
Stealth        | |  1.3

Action                     |  1- 3 |  4- 6 |  7- 9 | 10-12 | 13-15 | 16-18 || total
---------------------------+-------+-------+-------+-------+-------+-------++-------
   Fire: Shortbow          |    64 |   124 |   289 |       |       |       ||   477
         Orcbow            |       |       |   108 |   116 |       |       ||   224
         Longbow           |       |       |       |   391 |  1189 |       ||  1580
         Arbalest          |       |       |       |       |    68 |   197 ||   265
  Throw: Dart              |       |       |       |       |     3 |       ||     3
   Cast: Blink             |       |       |       |       |     3 |     3 ||     6
         Gell's Gravitas   |       |       |       |       |     3 |     4 ||     7
         Dazzling Flash    |       |       |       |       |     2 |       ||     2
         Dimensional Bulls |       |       |       |       |       |     6 ||     6
 Invoke: Ancestor Life: Kn |       |       |       |     1 |       |       ||     1
         Ancestor Identity |       |       |       |     1 |       |       ||     1
         Recall Ancestor   |       |       |       |     2 |     9 |     3 ||    14
         Idealise          |       |       |       |     1 |     1 |       ||     2
  Evoke: Wand              |       |       |       |     6 |       |     3 ||     9
    Use: Scroll            |       |       |    11 |    12 |    10 |     4 ||    37
         Potion            |       |       |       |     4 |     3 |     1 ||     8
 Armour: Leather armour    |    10 |    17 |    69 |     3 |    74 |    42 ||   215
         Robe              |       |       |       |    27 |    37 |       ||    64
  Dodge: Dodged            |    23 |    20 |   110 |    53 |   395 |   115 ||   716
         Repelled          |       |       |       |       |       |     1 ||     1
   Form: Beast             |     1 |       |       |     1 |       |       ||     2
                           |       |       |       |     2 |       |       ||     2

Table legend: (Time is in decaauts)
 A = Elapsed time spent in this place.
 B = Non-inter-level travel time spent in this place.
 C = Inter-level travel time spent in this place.
 D = Time resting spent in this place.
 E = Time spent auto-exploring this place.
 F = Levels seen in this place.
 G = Mean time per level.
                   A        B        C        D        E       F      G
               +--------+--------+--------+--------+--------+-----+--------+
         Total |  24507 |  22805 |   1702 |   2010 |  14364 |  27 |  907.7 |
       Dungeon |  15747 |  14441 |   1306 |   1094 |   9435 |  15 | 1049.8 |
        Temple |     50 |     41 |      9 |      0 |      0 |   1 |   50.0 |
          Lair |   5041 |   4757 |    284 |    196 |   3553 |   5 | 1008.2 |
         Swamp |    334 |    334 |      0 |      0 |    238 |   1 |  334.0 |
  Orcish Mines |   2050 |   1949 |    101 |    600 |    741 |   2 | 1025.0 |
       Ossuary |    219 |    219 |      0 |      0 |     34 |   1 |  219.0 |
       Volcano |    685 |    685 |      0 |    119 |    137 |   1 |  685.0 |
      Gauntlet |    378 |    378 |      0 |      0 |    226 |   1 |  378.0 |
               +--------+--------+--------+--------+--------+-----+--------+

Top non-repeatable levels by time:
    D:14: 1705 daAuts
    D:12: 1558 daAuts
  Lair:5: 1383 daAuts
   Orc:1: 1316 daAuts
    D:10: 1223 daAuts
     D:6: 1221 daAuts
    D:15: 1163 daAuts
    D:13: 1134 daAuts
     D:7: 1130 daAuts
     D:5: 1090 daAuts
  Lair:4: 1057 daAuts
  Lair:1: 946 daAuts
  Lair:3: 944 daAuts
     D:4: 885 daAuts
    D:11: 858 daAuts
